 Dungeon Crawl Stone Soup version 0.27-a0-1078-g0d77da13b5 (webtiles) character file.

Game seed: 16009033429465931209

9 EnegeticOcto the Sneak (level 2, -2/27 HPs)
             Began as a Deep Dwarf Delver on Apr 25, 2021.
             Slain by a phantom (3 damage)
             ... on level 5 of the Dungeon.
             The game lasted 00:01:08 (187 turns).

EnegeticOcto the Sneak (Deep Dwarf Delver)           Turns: 187, Time: 00:01:09

Health: -2/27      AC:  3    Str: 15    XL:     2   Next: 3%
Magic:  0/0        EV: 12    Int: 10    God:
Gold:   49         SH:  0    Dex: 14    Spells: 1/1 levels left

rFire    . . .     SeeInvis .   a - +0 hand axe
rCold    . . .     Faith    .   (no shield)
rNeg     . . .     Spirit   .   b - +0 leather armour
rPois    .         Reflect  .   (no helmet)
rElec    .         Harm     .   (no cloak)
rCorr    .         Rampage  .   (no gloves)
Will     .....                  (no boots)
Stlth    +++.......             (no amulet)
HPRegen  0.00/turn              (no ring)
MPRegen  0.07/turn              (no ring)

@: non-regenerating
A: damage resistance, heal wounds, sense surroundings 1, no regeneration
a: Heal Wounds


You were on level 5 of the Dungeon.
You visited 1 branch of the dungeon, and saw 3 of its levels.

You collected 49 gold pieces.

Inventory:

Hand Weapons
 a - a +0 hand axe (weapon)
Missiles
 h - a throwing net (quivered) {!f}
Armour
 b - a +0 leather armour (worn)
Wands
 g - a wand of digging (3) {@v3}
Scrolls
 c - a scroll of fog {!r}
 d - a scroll of magic mapping {@r5 !r}
 e - 2 scrolls of fear {!r}
 i - 2 scrolls of identify {unknown}
Potions
 f - a potion of haste {@q4 !q}


   Skills:
 - Level 2.6 Fighting
 + Level 3.1 Axes
 - Level 2.1 Dodging
 - Level 6.0 Stealth


You had one spell level left.
You didn't know any spells.
Your spell library was empty.

Dungeon Overview and Level Annotations

Branches:
Dungeon (6/15)
 Temple: D:4-7

Altars:

Annotations:
D:6 2 runed translucent doors


Innate Abilities, Weirdness & Mutations

You are resistant to damage.
You can heal yourself by infusing magical energy.
You passively map a small area around you.
You do not regenerate.


Message History

You are no longer poisoned.
Found a stone staircase leading up.
Found a scroll labelled HOUDWE KELUPS.
There is a stone staircase leading up here.
You climb upwards.
Found 17 gold pieces.
There is a stone staircase leading down here.
You now have 17 gold pieces.
(D) Dungeon
Where to? (? - help)
There is a stone staircase leading down here.
You climb downwards.
There is a stone staircase leading up here.
Found a club.
Found a leather armour.
An ogre comes into view. It is wielding a +0 giant spiked club.
There is a stone staircase leading up here.
You climb upwards.
Found a throwing net.
There is a stone staircase leading down here.
Found a scroll labelled HOUDWE KELUPS.
Found a dagger.
h - a throwing net {!f} You see here a +0 robe.
A goblin comes into view. It is wielding a +0 club.
You see here a scroll labelled HOUDWE KELUPS.
i - a scroll labelled HOUDWE KELUPS The goblin shouts!
(D) Dungeon
Where to? (Enter - D:5, ? - help)
There is a stone staircase leading down here.
You climb downwards.
There is a stone staircase leading up here.
An ogre is nearby!
You see here a scroll labelled HOUDWE KELUPS.
i - 2 scrolls labelled HOUDWE KELUPS (gained 1)
A phantom comes into view.
You open the door.
Found 15 gold pieces.
There is an open door here.
Found 17 gold pieces.
You now have 32 gold pieces (gained 15).
Found a long sword.
You see here 17 gold pieces.
You see here 17 gold pieces.
You now have 49 gold pieces (gained 17).
You open the door.
There is an open door here.
A gnoll shaman comes into view. It is wielding a +0 long sword.
You barely miss the gnoll shaman.
The gnoll shaman hits you with a +0 long sword.
A gnoll comes into view. It is wielding a +0 whip.
You fail to use your ability.
The gnoll shaman hits you with a +0 long sword.
You feel much better. The phantom hits you!
The phantom blinks!
You blink.
A gnoll comes into view. It is wielding a +0 halberd.
The gnoll shaman hits you with a +0 long sword.
A gnoll comes into view. It is wielding a +0 club.
The gnoll shouts! x3
You feel much better. The phantom hits you.
The phantom blinks!
You blink.
The gnoll hits you with a +0 halberd!
The gnoll shaman hits you with a +0 long sword!
You hit the gnoll.
The gnoll is moderately wounded.
You hit the gnoll. You completely miss the phantom.
You closely miss the gnoll shaman. The phantom closely misses you.
The gnoll misses you. The gnoll hits you with a +0 whip!
* * * LOW HITPOINT WARNING * * *
The gnoll shaman barely misses you. The gnoll barely misses you.
The gnoll misses you. The phantom hits you.
* * * LOW HITPOINT WARNING * * *
The phantom blinks!
You blink.
You fail to use your ability.
The phantom hits you.
* * * LOW HITPOINT WARNING * * *
The phantom blinks!
You blink.
Your magical essence is drained by the effort!
You feel much better. The phantom closely misses you.
The gnoll closely misses you. The gnoll shaman closely misses you.
The gnoll hits you with a +0 halberd!
You fail to use your ability.
The gnoll hits you but does no damage.
The phantom hits you but does no damage.
The gnoll hits you with a +0 whip!
* * * LOW HITPOINT WARNING * * *
The gnoll shaman closely misses you. The gnoll completely misses you.
Your magical essence is drained by the effort!
You feel much better. The gnoll misses you. The phantom hits you!
The phantom blinks!
You blink.
Found a club.
The phantom misses you. The phantom hits you.
The phantom blinks!
You blink.
The phantom hits you!
* * * LOW HITPOINT WARNING * * *
The phantom barely misses you. The phantom hits you!
* * * LOW HITPOINT WARNING * * *
The phantom barely misses you. The phantom hits you.
You die...

, , ,..#########..### * * ).#
#..# # #.# #..#
##.############.## #..###
.....)...........# #.....
*.................#######'#### ,
,#............................#
+................#...........#
#.........g.g@W..#...........#
#.......g........#...........#
#.......##########...........# ,
#.............# #....W......# *
#......g......# #...........#
#........g....# ###.####.#### #,
#......g.g....# #..# .####
#.#########......#######.###.#...
#............................+...


You could see a phantom, a gnoll shaman and 2 gnolls.

Vanquished Creatures
  An adder (D:5)
1 creature vanquished.

Notes
Turn   | Place    | Note
-------+----------+-------------------------------------------
     0 | D:5      | EnegeticOcto the Deep Dwarf Delver began the quest for the
                  | Orb.
     0 | D:5      | Reached XP level 1. HP: 20/20 MP: 1/1
     1 | D:6      | Found a runed translucent gate.
     1 | D:6      | Found a runed translucent gate.
     1 | D:6      | Noticed a kobold brigand
     1 | D:6      | Noticed a howler monkey
     1 | D:6      | Noticed a centaur
    44 | D:5      | Reached skill level 3 in Axes
    44 | D:5      | Reached XP level 2. HP: 20/27 MP: 2/2
    61 | D:5      | Noticed an ogre
   102 | D:5      | Noticed a phantom
   178 | D:5      | Your magical essence is drained by the effort!
   180 | D:5      | Your magical essence is drained by the effort!
   185 | D:5      | HP: 1/27 [phantom (6)]
   187 | D:5      | Slain by a phantom

Illustrated notes

Levels and vault maps discovered:
D:4:      layout_loops_cross, temple_hall
D:5:      layout_basic, minivault_5, uniq_eustachio
D:6:      layout_loops_cross, old_standard_altar,
          chequers_temple_overflow_statue_of_worship,
          gammafunk_ghost_nasty_kobolds, serial_shops, shop

Skill      XL: |  1 |
---------------+----+-----
Axes           | 3 |  3.1
Fighting       | |  2.6
Dodging        | |  2.1
Stealth        | |  6.0

Action                   || total
-------------------------++-------
Melee: Hand axe          ||    20
 Abil: Heal Wounds       ||     4
Armor: Leather armour    ||     4
Dodge: Dodged            ||    32

Table legend: (Time is in decaauts)
 A = Elapsed time spent in this place.
 B = Non-inter-level travel time spent in this place.
 C = Inter-level travel time spent in this place.
 D = Time resting spent in this place.
 E = Time spent auto-exploring this place.
 F = Levels seen in this place.
 G = Mean time per level.
                   A        B        C        D        E       F      G
               +--------+--------+--------+--------+--------+-----+--------+
         Total |    192 |    184 |      8 |      0 |      0 |   3 |   64.0 |
       Dungeon |    192 |    184 |      8 |      0 |      0 |   3 |   64.0 |
               +--------+--------+--------+--------+--------+-----+--------+

Top non-repeatable levels by time:
     D:5: 156 daAuts
     D:4: 34 daAuts
     D:6: 1 daAuts
